 Dungeon Crawl Stone Soup version 0.31-a0-986-g5e6e4ef867 (webtiles) character file.

Game seed: 3353287366899371782

1119 mandarbmax the Cruncher (level 8, 0/69 HPs)
             Began as a Meteoran Wanderer on Nov 13, 2023.
             Was an Initiate of Nemelex Xobeh.
             Slain by an orc warrior
             ... wielding a +1 glaive of flaming
              (15 damage)
             ... on level 7 of the Dungeon.
             The game lasted 00:20:32 (2174 turns).

mandarbmax the Cruncher (Meteoran Wanderer)         Turns: 2174, Time: 00:20:32

Health: 0/69       AC:  8    Str: 16    XL:     8   Next: 92%
Magic:  12/12      EV: 10    Int: 14    God:    Nemelex Xobeh [......]
Gold:   136        SH:  0    Dex: 13    Spells: 8/9 levels left

rFire   . . .        a - +3 quarterstaff
rCold   . . .        (shield currently unavailable)
rNeg    . . .        e - +0 scale mail
rPois   .            (no helmet)
rElec   .            (no cloak)
rCorr   .            z - +1 Delatra's gloves {ID++}
SInv    .            (no boots)
Will    +....        m - amulet of reflection Stlth
                     (no ring)
HPRegen 0.31/turn    (no ring)
MPRegen 0.13/turn

%: reflection
@: confused, hasted, glowing, very quick
A: sense surroundings 1, otherworldly, glowing, explore regen
a: Renounce Religion, Draw Escape, Draw Destruction, Draw Summoning


You were on level 7 of the Dungeon.
You worshipped Nemelex Xobeh.
Nemelex Xobeh was noncommittal.
You visited 2 branches of the dungeon, and saw 8 of its levels.

You collected 231 gold pieces.
You spent 95 gold pieces at shops.

Inventory:

Hand Weapons
 a - a +3 quarterstaff (weapon)
Missiles
 l - 2 boomerangs
 u - 11 atropa-tipped darts
 x - 3 poisoned darts
Armour
 e - a +0 scale mail (worn)
 s - a +0 buckler
 y - a +0 pair of gloves
 z - the +1 Delatra's gloves (worn) {ID++}
   (You found it on level 7 of the Dungeon)

   ID++:      It heals its wearer when they drink unknown potions, and restores
   their MP when they read unknown scrolls.
Jewellery
 m - an amulet of reflection (around neck)
Wands
 c - a wand of flame (17)
Scrolls
 f - a scroll of enchant weapon {unknown}
 g - a scroll of butterflies {unknown}
 h - a scroll of teleportation
 i - a scroll of immolation
 n - a scroll of poison {unknown}
 o - 3 scrolls of brand weapon {unknown}
 q - a scroll of revelation
 r - 2 scrolls of torment {unknown}
 t - a scroll of fog {unknown}
 v - a scroll of amnesia
 w - 3 scrolls of noise {unknown}
 A - a scroll of fear {unknown}
Potions
 b - 4 potions of curing
 d - a potion of attraction
 j - 2 potions of haste
 k - a potion of brilliance
 p - 2 potions of magic


   Skills:
 + Level 5.4 Fighting
 + Level 9.8 Staves
 + Level 2.9 Armour
 + Level 2.7 Dodging
 - Level 1.3 Spellcasting
 - Level 1.2 Summonings
 * Level 4.0 Invocations


You had 8 spell levels left.
You knew the following spells:

 Your Spells              Type           Power      Damage    Failure   Level
a - Summon Small Mammal   Summ           16%        N/A       50%         1

Your spell library contained the following spells:

 Spells                   Type           Power      Damage    Failure   Level
 Freeze                   Ice            0%         1d3       65%         1
 Kiss of Death            Conj/Necr      0%         2d5       65%         1
 Call Canine Familiar     Summ           4%         N/A       86%         3
 Confusing Touch          Hex            0%         N/A       95%         3
 Frozen Ramparts          Ice            0%         1d1       95%         3
 Hailstorm                Conj/Ice       0%         3d3       95%         3
 Animate Dead             Necr           0%         N/A       100%        4
 Dispel Undead            Necr           0%         3d6       100%        4
 Haunt                    Necr/Summ      1%         N/A       100%        7
 Infestation              Necr           0%         N/A       100%        8


Dungeon Overview and Level Annotations

Branches:
Dungeon (7/15) Zot: 2071   Temple (1/1) D:6 Zot: 581

Altars:
Cheibriados
Dithmenos
Elyvilon
Fedhas
Gozag
Kikubaaqudgha
Makhleb
Nemelex Xobeh
Qazlal
Trog
Uskayaw
Vehumet
Wu Jian
Xom
Yredelemnul
Zin
The Shining One

Shops:
D:2 (   D:3 ?   D:4 *   D:6 :

Portals:
Abyss: D:3

Annotations:
D:3 1 transporter, Getoffmy's ghost, amateur FoFi


Innate Abilities, Weirdness & Mutations

You passively map a small area around you.
You are easily found by Zot.
You glow in the dark.
You regain HP and MP as you explore.


Message History

The orc warrior shoots an arrow.
You block the arrow with an invisible shield... and reflect it back!
The arrow barely misses the orc warrior.
The orc warrior shoots an arrow.
The arrow barely misses you.
You hit the orc warrior.
The orc warrior is lightly wounded.
The orc warrior unwields a +0 orcbow.
The orc warrior wields a +1 glaive of flaming.
It bursts into flame!
You block the orc warrior's attack.
You hit the orc warrior but do no damage.
The orc warrior is lightly wounded.
The orc wizard closely misses you.
The orc warrior hits you with a +1 glaive of flaming!
The orc warrior burns you.
You closely miss the orc wizard.
The orc wizard points at you and mumbles some strange words.
You easily resist.
You sock the orc wizard!
The orc wizard is heavily wounded.
The orc warrior hits you with a +1 glaive of flaming.
The orc warrior burns you.
The orc wizard hits you but does no damage.
You closely miss the orc warrior.
The orc warrior hits you with a +1 glaive of flaming!!
The orc warrior burns you.
You barely miss the orc warrior.
The orc wizard hits you but does no damage.
The orc warrior hits you with a +1 glaive of flaming!
* * * LOW HITPOINT WARNING * * *
The orc warrior burns you.
* * * LOW HITPOINT WARNING * * *
Unknown command.
You feel better. The orc wizard closely misses you.
You block the orc warrior's attack.
You feel yourself speed up.
The orc wizard points at you and mumbles some strange words.
You are confused.
The orc warrior hits you with a +1 glaive of flaming!
You die...
Your body disappears without additional glow.

#.. ##....... #..##
##........ #####...#
##.........
#...##..####..........
#...##...##........... *
#...#*#..##...........
#...###..........).... *
* #....##.........).....
, ##..#@oo##......).....
**###...o#####...........
*#...#### ##..........
,,......### * ,
#.........# , ,....## ,
...........## , ..., ,
.............# .. * ,,
..........>..##* . , *
.o.......#..## * , , ,
.o.o.....#..#


You could see an orc warrior, an orc wizard and an orc.

Vanquished Creatures
  Grinder (D:3)
  2 water moccasins (D:6)
  A black bear (D:7)
  A bullfrog (D:7)
  A scorpion (D:4)
  A hound (D:5)
  2 jellies
  A gnoll bouda (D:7)
  An iguana (D:5)
  Ijyb (D:3)
  8 gnolls
  6 adders
  A white imp (D:5)
  2 ufetubi (D:6)
  A worm (D:2)
  A dart slug (D:3)
  15 orcs
  6 endoplasms
  2 giant cockroaches (D:4)
  8 goblins
  2 hobgoblins (D:4)
  3 quokkas
  7 ball pythons
  3 bats
  A frilled lizard (D:3)
  3 kobolds
  2 rats (D:2)
83 creatures vanquished.

Vanquished Creatures (collateral kills)
  An ogre (D:3)
  A jelly (D:6)
  2 bats (D:1)
4 creatures vanquished.

Grand Total: 87 creatures vanquished

Notes
Turn   | Place    | Note
-------+----------+-------------------------------------------
     0 | D:1      | mandarbmax the Meteoran Wanderer began the quest for the
                  | Orb.
     0 | D:1      | mandarbmax set off with the following items: a +3
                  | quarterstaff, a potion of curing, a +0 robe; and the
                  | following spell memorised: Summon Small Mammal; and the
                  | following spells available to memorise: Call Canine
                  | Familiar.
     0 | D:1      | Reached XP level 1. HP: 22/22 MP: 3/3
    40 | D:1      | Reached skill level 4 in Staves
    51 | D:1      | Reached XP level 2. HP: 21/28 MP: 5/5
   132 | D:2      | Found Ipugok's Antique Weapon Emporium.
   203 | D:2      | Identified the +5 mace "Velumm" {antimagic, Fly Str+3
                  | Int-2}
   251 | D:2      | Reached XP level 3. HP: 31/34 MP: 4/6
   326 | D:1      | Reached skill level 5 in Staves
   408 | D:3      | Identified the "Tuqiv"
   415 | D:3      | Found a faded altar of an unknown god.
   434 | D:3      | Reached XP level 4. HP: 22/41 MP: 7/7
   508 | D:3      | Found a one-way gate to the infinite horrors of the Abyss.
   508 | D:3      | Noticed Getoffmy's ghost (amateur FoFi)
   518 | D:3      | Found a transporter.
   540 | D:3      | Noticed Grinder
   541 | D:3      | Noticed Ijyb
   552 | D:3      | Killed Ijyb
   553 | D:3      | Reached skill level 6 in Staves
   553 | D:3      | Reached XP level 5. HP: 7/47 MP: 8/8
   583 | D:3      | Paralysed by Grinder for 4 turns
   610 | D:3      | Killed Grinder
   611 | D:3      | Reached skill level 8 in Staves
   611 | D:3      | Reached XP level 6. HP: 36/53 MP: 5/9
   666 | D:3      | Found The Oracle's Delphic Readings.
   691 | D:3      | Bought a scroll of revelation for 75 gold pieces
   691 | D:3      | Bought a scroll of identify for 20 gold pieces
   723 | D:3      | Noticed an ogre
   731 | D:3      | Killed an ogre
   732 | D:3      | Reached XP level 7. HP: 51/60 MP: 7/10
   909 | D:4      | Reached skill level 9 in Staves
   965 | D:4      | Found a glowing silver altar of Zin.
   967 | D:4      | Found Zin's Purification Station.
  1024 | D:4      | Found a white marble altar of Elyvilon.
  1149 | D:5      | Entered Level 5 of the Dungeon
  1235 | D:5      | Reached skill level 1 in Armour
  1356 | D:5      | Reached skill level 1 in Dodging
  1429 | D:6      | Noticed a water moccasin
  1433 | D:6      | Killed a water moccasin
  1434 | D:6      | Reached XP level 8. HP: 63/67 MP: 11/11
  1548 | D:6      | Found a staircase to the Ecumenical Temple.
  1556 | Temple   | Entered the Ecumenical Temple
  1569 | Temple   | Became a worshipper of Nemelex Xobeh the Trickster
  1837 | D:6      | Reached skill level 5 in Fighting
  1899 | D:6      | Found Seivus's Tremendous Tomes.
  1930 | D:7      | Found the +1 Delatra's gloves {ID++}
  2174 | D:7      | Slain by an orc warrior

Illustrated notes

Levels and vault maps discovered:
D:1:      kennysheep_arrival_forest, layout_rooms, minmay_liquid_box
D:2:      layout_basic, serial_shops, shop
D:3:      layout_loops_ring, shapermc_ecumenical_altar_venn,
          gammafunk_ghost_abyssal_escape, nicolae_nh_oracle_at_delphi,
          uniq_ijyb, uniq_grinder
D:4:      layout_loops_ring, elyvilon_altar_5, zin_purify, feat_on_display
D:5:      layout_basic, serial_glass, glass_columns_a, glass_columns_a,
          serial_shops, shop
D:6:      layout_basic, minmay_temple_entry_wispy, nicolae_shop_i_like_big_books
D:7:      layout_cave_pods, enter_bailey_6, st_stairs_9, uniq_duvessa,
          uniq_crazy_yiuf_cottage
Temple:   minmay_freezing_vapour_temple

Skill      XL: |  1  2  3  4  5  6  7  8 |
---------------+-------------------------+-----
Staves         | 4 5 6 8 9 |  9.8
Armour         | 1 2 |  2.9
Dodging        | 1 2 |  2.7
Fighting       | 5 |  5.4
Invocations    | 4 |  4.0
Spellcasting   | |  1.3
Summonings     | |  1.2

Action                     |  1- 3 |  4- 6 |  7- 9 || total
---------------------------+-------+-------+-------++-------
  Melee: Quarterstaff      |    62 |    48 |   175 ||   285
   Cast: Summon Small Mamm |    10 |     5 |     8 ||    23
  Evoke: Wand              |       |       |     4 ||     4
    Use: Scroll            |       |     3 |     3 ||     6
         Potion            |       |     1 |     3 ||     4
   Stab: Distracted        |       |       |     1 ||     1
 Armour: Robe              |    17 |       |       ||    17
         Scale mail        |    40 |    22 |   117 ||   179
  Dodge: Dodged            |    31 |    17 |    71 ||   119
  Block: Other             |       |     3 |    29 ||    32
         Reflection        |       |       |     1 ||     1

Table legend: (Time is in decaauts)
 A = Elapsed time spent in this place.
 B = Non-inter-level travel time spent in this place.
 C = Inter-level travel time spent in this place.
 D = Time resting spent in this place.
 E = Time spent auto-exploring this place.
 F = Levels seen in this place.
 G = Mean time per level.
                   A        B        C        D        E       F      G
               +--------+--------+--------+--------+--------+-----+--------+
         Total |   2146 |   1936 |    210 |      0 |     13 |   8 |  268.2 |
       Dungeon |   2127 |   1917 |    210 |      0 |     13 |   7 |  303.9 |
        Temple |     18 |     18 |      0 |      0 |      0 |   1 |   18.0 |
               +--------+--------+--------+--------+--------+-----+--------+

Top non-repeatable levels by time:
     D:6: 473 daAuts
     D:3: 448 daAuts
     D:2: 307 daAuts
     D:5: 274 daAuts
     D:4: 269 daAuts
     D:7: 232 daAuts
     D:1: 122 daAuts
  Temple: 18 daAuts
